 Dungeon Crawl Stone Soup version 0.28-a0-199-g298df9dbad (webtiles) character file.

Game seed: 685693159617522336

319 Ezendos the Sneak (level 6, -1/42 HPs)
             Began as an Octopode Venom Mage on Aug 18, 2021.
             Slain by a black bear (6 damage)
             ... on level 4 of the Dungeon on Aug 19, 2021.
             The game lasted 00:09:58 (5123 turns).

Ezendos the Sneak (Octopode Venom Mage)             Turns: 5123, Time: 00:09:59

Health: -1/42      AC:  1    Str:  7    XL:     6   Next: 46%
Magic:  13/20      EV: 13    Int: 19    God:
Gold:   187        SH:  0    Dex: 13    Spells: 6/12 levels left

rFire   . . .      SeeInvis .   b - +0 dagger
rCold   . . .      Faith    .   (no shield)
rNeg    . . .      Spirit   .   (helmet restricted)
rPois   .          Reflect  .   (no amulet)
rElec   .          Harm     .   g - ring of magical power
rCorr   .          Rampage  .   (no ring)
Will    .....                   (no ring)
Stlth   ++++......              (no ring)
HPRegen 0.14/turn               (no ring)
MPRegen 0.17/turn               (no ring)
                                (no ring)
                                (no ring)

@: no status effects
A: almost no armour, amphibious, 8 rings, camouflage 1, gelatinous body 1,
(nimble swimmer 1), tentacles
a: no special abilities


You were on level 4 of the Dungeon.
You visited 1 branch of the dungeon, and saw 5 of its levels.

You collected 187 gold pieces.

Inventory:

Hand Weapons
 b - a +0 dagger (weapon)
Jewellery
 g - a ring of magical power (left tentacle)
Wands
 i - a wand of acid (4)
Scrolls
 c - a scroll of vulnerability
 d - a scroll of fog
 e - a scroll of immolation
 f - a scroll of teleportation {unknown}
 j - 2 scrolls of identify
 l - 2 scrolls of enchant armour {unknown}
Potions
 a - a potion of haste
 h - 3 potions of curing
 k - a potion of degeneration {unknown}


   Skills:
 + Level 3.1 Fighting
 - Level 2.0 Dodging
 + Level 4.7 Stealth
 + Level 3.7 Spellcasting
 + Level 0.6 Conjurations
 - Level 1.0 Transmutations
 - Level 2.0 Air Magic
 - Level 4.0 Poison Magic


You had 6 spell levels left.
You knew the following spells:

 Your Spells              Type           Power      Damage    Failure   Level
a - Sting                 Tmut/Pois      52%        1d5       4%          1
b - Poisonous Vapours     Pois/Air       28%        N/A       6%          2
c - Mephitic Cloud        Conj/Pois/Air  11%        N/A       17%         3

Your spell library contained the following spells:

 Spells                   Type           Power      Damage    Failure   Level
 Slow                     Hex            3%         N/A       22%         2
 Olgreb's Toxic Radiance  Pois           18%        N/A       26%         4
 Confusing Touch          Hex            3%         N/A       38%         3
 Tukima's Dance           Hex            3%         N/A       38%         3
 Vampiric Draining        Necr           1%         2d6       38%         3
 Passage of Golubria      Tloc           N/A        N/A       80%         4
 Yara's Violent Unravell  Hex/Tmut       2%         3d3       97%         5


Dungeon Overview and Level Annotations

Branches:
Dungeon (5/15)
 Temple: D:4-7

Altars:


Innate Abilities, Weirdness & Mutations

You cannot wear most types of armour.
You are amphibious.
You can wear up to eight rings at the same time.
Your skin changes colour to match your surroundings (Stealth+).
Your rubbery body absorbs attacks. (AC +1, EV +1)
((You are camouflaged near water. (Stealth+)))
You have tentacles for arms and can constrict up to eight enemies at once.


Message History

The black bear looks even sicker.
Casting: Poisonous Vapours (safe; 6% risk of failure)
Confirm with . or Enter, or press ? or * to list all spells.
Aiming: Poisonous Vapours (safe; 6% risk of failure)
Press: ? - help, Dir - move target, f - orc
Aim: an orc, wielding a +0 war axe Poisonous vapours surround the orc!
The orc is poisoned.
You climb upwards.
There is a stone staircase leading down here.
The black bear closely misses you. The black bear barely misses you.
The black bear closely misses you.
The black bear goes berserk!
Casting: Poisonous Vapours (safe; 6% risk of failure)
Confirm with . or Enter, or press ? or * to list all spells.
Aiming: Poisonous Vapours (safe; 6% risk of failure)
Press: ? - help, Dir - move target, f - black bear
Aim: a black bear (severely wounded, berserk, poisoned) Poisonous vapours surround the black bear!
The black bear looks even sicker.
The black bear completely misses you. The black bear claws you.
The black bear closely misses you.
Casting: Poisonous Vapours (safe; 6% risk of failure)
Confirm with . or Enter, or press ? or * to list all spells.
Aiming: Sting (safe; 4% risk of failure)
Press: ? - help, Shift-Dir - straight line, f/p - black bear
Aim: a black bear (severely wounded, berserk, very poisoned, 79% to hit)
The sting hits the black bear.
The black bear looks even sicker.
The black bear is almost dead.
The black bear misses you.
The black bear claws you but does no damage.
The black bear claws you. The black bear closely misses you.
The black bear misses you. The black bear claws you.
You hear an angry growl.
The black bear bites you! The black bear barely misses you.
The black bear completely misses you. The black bear bites you!
* * * LOW HITPOINT WARNING * * *
The black bear claws you.
* * * LOW HITPOINT WARNING * * *
The black bear claws you.
You die...

#.# #.#...# ##.......##
##.##. #.# #.#.#.#
##.....## ####.
#.###.#.#.# ##...## ###.
#.........########'##
#... #######.####.....#.#
#.## #.# #.###.#.# #.#
#.# #.# #.#.## #.# #.#
#.###....### #.# #.#
#.#.@......# #.# #.#
#<#.#h...#.# #.#
#.####.(...#.##.#######.#
#........###.##.........#
########## #>############
#.# ######.#### #######
#.........# #......
#.#######.# #......


You could see a black bear (berserk, very poisoned).

Vanquished Creatures
  A scorpion (D:4)
  A howler monkey (D:4)
  A bullfrog skeleton (D:3)
  A jelly (D:4)
  2 iguanas (D:4)
  4 adders
  3 worms
  2 dart slugs
  An orc (D:3)
  4 bats
  4 endoplasms
  4 giant cockroaches
  9 goblins
  A hobgoblin (D:3)
  6 jackals (D:1)
  A quokka (D:1)
  7 ball pythons
  2 frilled lizards
  4 kobolds
  9 rats
67 creatures vanquished.

Notes
Turn   | Place    | Note
-------+----------+-------------------------------------------
     0 | D:1      | Ezendos the Octopode Venom Mage began the quest for the
                  | Orb.
     0 | D:1      | Reached XP level 1. HP: 11/11 MP: 3/3
   445 | D:1      | Reached XP level 2. HP: 16/18 MP: 0/5
   678 | D:1      | Reached skill level 1 in Fighting
   730 | D:1      | Upgraded the game from 0.28-a0-194-g42b4daccc1 to
                  | 0.28-a0-199-g298df9dbad
   909 | D:1      | Found a faded altar of an unknown god.
  1085 | D:1      | Reached XP level 3. HP: 23/23 MP: 4/6
  2111 | D:2      | Learned a level 2 spell: Poisonous Vapours
  2950 | D:3      | Reached XP level 4. HP: 29/29 MP: 8/8
  3097 | D:3      | Reached skill level 1 in Air Magic
  3359 | D:3      | Reached XP level 5. HP: 35/35 MP: 9/9
  4550 | D:4      | Reached XP level 6. HP: 39/42 MP: 11/11
  4598 | D:4      | Learned a level 3 spell: Mephitic Cloud
  5098 | D:5      | Entered Level 5 of the Dungeon
  5098 | D:5      | Noticed a black bear
  5123 | D:4      | Slain by a black bear

Illustrated notes

Levels and vault maps discovered:
D:1:      matt_arrival_refuge, layout_loops_ring, shapermc_ecumenical_altar_venn
D:2:      layout_basic, hangedman_abyss_or_decor_lesser_grid,
          small_statue_intersection
D:3:      layout_basic, kennysheep_generic_room_13
D:4:      layout_loops_corners
D:5:      layout_rooms, serial_shops, shop

Skill      XL: |  1  2  3  4  5 |
---------------+----------------+-----
Stealth        | 3 4 |  4.7
Poison Magic   | 4 |  4.0
Fighting       | 1 2 3 |  3.1
Spellcasting   | 3 |  3.7
Air Magic      | 1 2 |  2.0
Dodging        | |  2.0
Conjurations   | |  0.6
Transmutations | |  1.0

Action                   |  1- 3 |  4- 6 || total
-------------------------+-------+-------++-------
Melee: Dagger            |    19 |     5 ||    24
       Unarmed           |     4 |       ||     4
       Constrict         |     6 |     2 ||     8
       Tentacles         |     5 |     1 ||     6
 Cast: Sting             |    73 |    49 ||   122
       Poisonous Vapours |     2 |    26 ||    28
  Use: Scroll            |       |     5 ||     5
 Stab: Sleeping          |     1 |       ||     1
Armor: Skin              |     8 |     1 ||     9
Dodge: Dodged            |    24 |    25 ||    49

Table legend: (Time is in decaauts)
 A = Elapsed time spent in this place.
 B = Non-inter-level travel time spent in this place.
 C = Inter-level travel time spent in this place.
 D = Time resting spent in this place.
 E = Time spent auto-exploring this place.
 F = Levels seen in this place.
 G = Mean time per level.
                   A        B        C        D        E       F      G
               +--------+--------+--------+--------+--------+-----+--------+
         Total |   5125 |   4937 |    188 |    676 |   3673 |   5 | 1025.0 |
       Dungeon |   5125 |   4937 |    188 |    676 |   3673 |   5 | 1025.0 |
               +--------+--------+--------+--------+--------+-----+--------+

Top non-repeatable levels by time:
     D:2: 1454 daAuts
     D:1: 1452 daAuts
     D:3: 1144 daAuts
     D:4: 1065 daAuts
     D:5: 7 daAuts
